[ PARTIDA AOE2 · #480508036 ]
Team RMBúlgaros vs Turks
[ ANÁLISIS DE REPETICIÓN · EXTRAÍDO DE LA PARTIDA GRABADA ]
Feudal
13:57
Castillos
22:10
Imperial
40:12
| APM promedio | 18.1 |
| APM pico | 48 |
| eAPM promedio | 11.9 |
| Aldeanos / militares | 114 / 260 |
Foco
⚔️ 24.3% · 🌾 75.7%
Spearman ×183 · Militia ×60 · Konnik ×17
Feudal
9:58
Castillos
15:51
Imperial
32:57
| APM promedio | 23.2 |
| APM pico | 54 |
| eAPM promedio | 13.5 |
| Aldeanos / militares | 125 / 131 |
Foco
⚔️ 14.1% · 🌾 85.9%
Longbowman ×131
Feudal
11:39
Castillos
18:10
Imperial
32:03
| APM promedio | 26.6 |
| APM pico | 51 |
| eAPM promedio | 14.6 |
| Aldeanos / militares | 132 / 108 |
Foco
⚔️ 33.3% · 🌾 66.7%
Hand Cannoneer ×45 · Scout Cavalry ×42 · Bombard Cannon ×20 · Monk ×1
Feudal
12:22
Castillos
19:37
Imperial
35:00
| APM promedio | 27.8 |
| APM pico | 79 |
| eAPM promedio | 16.6 |
| Aldeanos / militares | 107 / 83 |
Foco
⚔️ 26.8% · 🌾 73.2%
Knight ×40 · Spearman ×34 · Monk ×6 · Mangonel ×3
Feudal
13:18
Castillos
18:51
Imperial
30:55
| APM promedio | 12.7 |
| APM pico | 68 |
| eAPM promedio | 7.0 |
| Aldeanos / militares | 94 / 135 |
Foco
⚔️ 25.6% · 🌾 74.4%
Tarkan ×135
Feudal
10:58
Castillos
14:50
Imperial
28:56
| APM promedio | 28.6 |
| APM pico | 71 |
| eAPM promedio | 14.9 |
| Aldeanos / militares | 104 / 44 |
Foco
⚔️ 30.4% · 🌾 69.6%
Unknown (1944) ×78 · Scout Cavalry ×39 · Unknown (1942) ×6 · Mangonel ×5
Mapa de la partida
Recursos iniciales + cada clic de construcción. Líneas = muros · curvas = relieve. ◆ oro · ⬟ piedra · ● bayas · ✦ reliquia · ◌ hueco del cierre
Tu base· ✓ Cerrada en 22:10 · 20t muro · sin puerta
Base de jackalius· ✓ Cerrada en 15:51 · 0t muro · sin puerta
Base de Kampfgnom· ✓ Cerrada en 18:10 · 23t muro · 1 puerta(s)
Base de kagan_ant· ✓ Cerrada en 19:37 · 69t muro · sin puerta
Base de EiskalterEngel· ✓ Cerrada en 18:51 · 0t muro · sin puerta
Base de Evil_Tehrana· ✓ Cerrada en 14:50 · 0t muro · sin puerta
Terreno inicial suavizado · ◌ = hueco del cierre detectado · pasá el cursor para detalles
Inputs por minuto
— hakanyao - - jackalius
Build order — hakanyao
Primeras 150 de 328 acciones detectadas
| 0:05 | Construir | House |
| 0:09 | Construir | House |
| 0:10 | Crear | Villager (Male) |
| 0:11 | Crear | Villager (Male) |
| 0:11 | Crear | Villager (Male) |
| 0:11 | Crear | Villager (Male) |
| 0:11 | Crear | Villager (Male) |
| 1:36 | Crear | Villager (Male) |
| 1:58 | Crear | Villager (Male) |
| 2:25 | Crear | Villager (Male) |
| 2:25 | Crear | Villager (Male) |
| 2:43 | Crear | Villager (Male) |
| 2:46 | Investigar | Loom |
| 3:35 | Crear | Villager (Male) |
| 3:35 | Crear | Villager (Male) |
| 5:06 | Construir | House |
| 5:10 | Construir | House |
| 5:13 | Construir | House |
| 5:21 | Crear | Villager (Male) |
| 5:21 | Crear | Villager (Male) |
| 5:22 | Crear | Villager (Male) |
| 5:22 | Crear | Villager (Male) |
| 5:32 | Construir | Mill |
| 5:47 | Construir | Lumber Camp |
| 6:05 | Construir | Palisade Wall |
| 6:16 | Construir | Palisade Wall |
| 6:32 | Crear | Villager (Male) |
| 6:33 | Crear | Villager (Male) |
| 7:22 | Construir | Palisade Wall |
| 7:32 | Crear | Villager (Male) |
| 7:32 | Crear | Villager (Male) |
| 7:32 | Crear | Villager (Male) |
| 7:32 | Crear | Villager (Male) |
| 8:16 | Construir | Mining Camp |
| 8:44 | Crear | Villager (Male) |
| 9:10 | Crear | Villager (Male) |
| 9:10 | Crear | Villager (Male) |
| 9:10 | Crear | Villager (Male) |
| 9:11 | Crear | Villager (Male) |
| 9:11 | Crear | Villager (Male) |
| 9:37 | Crear | Villager (Male) |
| 9:37 | Crear | Villager (Male) |
| 11:19 | Crear | Villager (Male) |
| 11:29 | Construir | Mining Camp |
| 11:47 | Investigar | Feudal Age |
| 13:46 | Construir | House |
| 13:57 | Edad | Edad Feudal |
| 13:57 | Construir | Palisade Wall |
| 13:58 | Construir | Palisade Wall |
| 14:30 | Construir | Stone Wall |
| 14:38 | Construir | Barracks |
| 14:49 | Crear | Villager (Male) |
| 14:49 | Crear | Villager (Male) |
| 14:49 | Crear | Villager (Male) |
| 14:49 | Crear | Villager (Male) |
| 14:58 | Construir | Farm |
| 15:00 | Construir | Farm |
| 15:01 | Construir | Farm |
| 15:02 | Construir | Farm |
| 15:35 | Crear | Spearman |
| 15:35 | Crear | Spearman |
| 15:35 | Crear | Spearman |
| 15:38 | Crear | Spearman |
| 15:38 | Crear | Spearman |
| 15:39 | Crear | Spearman |
| 15:52 | Crear | Villager (Male) |
| 15:52 | Crear | Villager (Male) |
| 16:05 | Construir | Blacksmith |
| 16:51 | Crear | Spearman |
| 16:51 | Crear | Spearman |
| 17:12 | Construir | Stone Wall |
| 17:38 | Construir | House |
| 17:39 | Construir | House |
| 17:39 | Construir | House |
| 17:39 | Construir | House |
| 17:39 | Construir | House |
| 17:39 | Construir | House |
| 17:40 | Construir | House |
| 17:40 | Construir | House |
| 17:40 | Construir | House |
| 17:40 | Construir | House |
| 17:56 | Construir | Market |
| 18:03 | Construir | Farm |
| 18:03 | Construir | Farm |
| 18:03 | Construir | Farm |
| 18:03 | Construir | Farm |
| 18:03 | Construir | Farm |
| 18:04 | Construir | Farm |
| 18:21 | Construir | Farm |
| 19:03 | Construir | Watch Tower |
| 19:13 | Investigar | Arson |
| 19:14 | Crear | Militia ×5 |
| 19:15 | Crear | Militia ×5 |
| 19:30 | Investigar | Castle Age |
| 19:48 | Construir | Mining Camp |
| 20:22 | Construir | Stable |
| 20:38 | Construir | Farm |
| 20:39 | Construir | Farm |
| 20:40 | Construir | Farm |
| 20:43 | Construir | Farm |
| 21:32 | Construir | Farm |
| 21:41 | Construir | Farm |
| 22:10 | Edad | Edad de los Castillos |
| 22:37 | Crear | Militia |
| 22:38 | Crear | Militia |
| 22:38 | Crear | Militia |
| 22:50 | Crear | Villager (Male) |
| 22:50 | Crear | Villager (Male) |
| 22:50 | Crear | Villager (Male) |
| 23:23 | Construir | Mining Camp |
| 23:40 | Investigar | Double-Bit Axe |
| 23:44 | Investigar | Horse Collar |
| 24:36 | Crear | Villager (Male) |
| 24:37 | Crear | Villager (Male) |
| 24:37 | Crear | Villager (Male) |
| 24:53 | Construir | Town Center |
| 24:58 | Crear | Villager (Male) |
| 24:58 | Crear | Villager (Male) |
| 25:24 | Investigar | Pikeman (upgrade) |
| 25:43 | Investigar | Gambesons |
| 26:11 | Crear | Villager (Male) |
| 26:11 | Crear | Villager (Male) |
| 26:11 | Crear | Villager (Male) |
| 26:12 | Crear | Villager (Male) |
| 26:40 | Crear | Villager (Male) |
| 26:40 | Crear | Villager (Male) |
| 27:21 | Construir | Lumber Camp |
| 27:24 | Crear | Villager (Male) |
| 27:24 | Crear | Villager (Male) |
| 27:24 | Crear | Villager (Male) |
| 27:24 | Crear | Villager (Male) |
| 27:32 | Construir | Farm |
| 28:02 | Construir | Farm |
| 28:08 | Crear | Villager (Male) |
| 28:08 | Crear | Villager (Male) |
| 28:08 | Crear | Villager (Male) |
| 28:24 | Crear | Villager (Male) |
| 28:25 | Crear | Villager (Male) |
| 28:40 | Crear | Villager (Male) |
| 28:40 | Crear | Villager (Male) |
| 28:40 | Crear | Villager (Male) |
| 28:55 | Construir | Farm |
| 28:55 | Construir | Farm |
| 28:55 | Construir | Farm |
| 28:55 | Construir | Farm |
| 28:55 | Construir | Farm |
| 28:56 | Construir | Farm |
| 29:04 | Construir | Farm |
| 29:07 | Crear | Villager (Male) |
| 29:08 | Crear | Villager (Male) |
Build order — jackalius
Primeras 150 de 284 acciones detectadas
| 0:02 | Crear | Villager (Male) |
| 0:02 | Crear | Villager (Male) |
| 0:03 | Crear | Villager (Male) |
| 0:03 | Crear | Villager (Male) |
| 0:06 | Construir | House |
| 0:09 | Construir | House |
| 1:45 | Construir | Lumber Camp |
| 1:47 | Crear | Villager (Male) |
| 1:47 | Crear | Villager (Male) |
| 2:16 | Crear | Villager (Male) |
| 2:16 | Crear | Villager (Male) |
| 3:00 | Crear | Villager (Male) |
| 3:12 | Crear | Villager (Male) |
| 3:26 | Crear | Villager (Male) |
| 4:05 | Construir | House |
| 4:11 | Crear | Villager (Male) |
| 4:44 | Construir | Mill |
| 4:51 | Crear | Villager (Male) |
| 4:51 | Crear | Villager (Male) |
| 5:19 | Construir | House |
| 5:23 | Crear | Villager (Male) |
| 5:44 | Crear | Villager (Male) |
| 6:08 | Crear | Villager (Male) |
| 6:40 | Crear | Villager (Male) |
| 7:23 | Investigar | Loom |
| 7:44 | Investigar | Feudal Age |
| 8:22 | Construir | Mining Camp |
| 8:50 | Construir | Lumber Camp |
| 9:56 | Crear | Villager (Male) |
| 9:57 | Crear | Villager (Male) |
| 9:58 | Edad | Edad Feudal |
| 10:07 | Construir | Farm |
| 10:07 | Construir | Farm |
| 10:09 | Construir | Farm |
| 10:10 | Construir | Farm |
| 10:11 | Construir | Farm |
| 10:55 | Crear | Villager (Male) |
| 11:08 | Construir | Market |
| 11:18 | Construir | Blacksmith |
| 11:26 | Crear | Villager (Male) |
| 11:48 | Crear | Villager (Male) |
| 11:57 | Construir | House |
| 12:28 | Construir | Mining Camp |
| 13:11 | Investigar | Castle Age |
| 15:03 | Investigar | Double-Bit Axe |
| 15:46 | Construir | House |
| 15:47 | Construir | House |
| 15:51 | Edad | Edad de los Castillos |
| 15:58 | Construir | Town Center |
| 16:06 | Crear | Villager (Male) |
| 16:06 | Crear | Villager (Male) |
| 16:07 | Crear | Villager (Male) |
| 16:07 | Crear | Villager (Male) |
| 16:20 | Construir | House |
| 16:38 | Construir | Town Center |
| 17:17 | Crear | Villager (Male) |
| 17:19 | Crear | Villager (Male) |
| 17:20 | Crear | Villager (Male) |
| 17:20 | Crear | Villager (Male) |
| 17:21 | Crear | Villager (Male) |
| 17:21 | Crear | Villager (Male) |
| 17:21 | Crear | Villager (Male) |
| 17:24 | Construir | House |
| 17:26 | Construir | House |
| 17:28 | Construir | House |
| 17:53 | Crear | Villager (Male) |
| 17:54 | Crear | Villager (Male) |
| 17:54 | Crear | Villager (Male) |
| 18:07 | Crear | Villager (Male) |
| 18:20 | Construir | House |
| 18:21 | Construir | House |
| 18:25 | Crear | Villager (Male) |
| 18:57 | Construir | Farm |
| 18:57 | Construir | Farm |
| 18:57 | Construir | Farm |
| 18:58 | Construir | Farm |
| 18:58 | Construir | Farm |
| 19:08 | Construir | Farm |
| 19:08 | Construir | Farm |
| 19:09 | Construir | Farm |
| 19:09 | Construir | Farm |
| 19:09 | Construir | Farm |
| 19:15 | Crear | Villager (Male) |
| 19:15 | Crear | Villager (Male) |
| 19:44 | Construir | Farm |
| 19:49 | Construir | Farm |
| 19:53 | Construir | Farm |
| 19:57 | Crear | Villager (Male) |
| 19:57 | Crear | Villager (Male) |
| 20:05 | Construir | Farm |
| 20:06 | Construir | Farm |
| 20:14 | Construir | House |
| 20:16 | Construir | House |
| 20:19 | Construir | House |
| 20:21 | Construir | House |
| 20:24 | Crear | Villager (Male) |
| 20:30 | Crear | Villager (Male) |
| 20:32 | Crear | Villager (Male) |
| 20:45 | Construir | Farm |
| 20:46 | Construir | Farm |
| 20:48 | Construir | Farm |
| 21:05 | Crear | Villager (Male) |
| 21:05 | Crear | Villager (Male) |
| 21:07 | Crear | Villager (Male) |
| 21:09 | Crear | Villager (Male) |
| 21:35 | Construir | House |
| 21:50 | Crear | Villager (Male) |
| 21:50 | Crear | Villager (Male) |
| 21:53 | Crear | Villager (Male) |
| 21:54 | Crear | Villager (Male) |
| 21:55 | Crear | Villager (Male) |
| 22:02 | Construir | Farm |
| 22:02 | Construir | Farm |
| 22:03 | Construir | Farm |
| 22:03 | Construir | Farm |
| 22:25 | Crear | Villager (Male) |
| 22:27 | Crear | Villager (Male) |
| 22:29 | Crear | Villager (Male) |
| 22:29 | Crear | Villager (Male) |
| 22:36 | Crear | Villager (Male) |
| 22:44 | Crear | Villager (Male) |
| 22:46 | Crear | Villager (Male) |
| 22:48 | Crear | Villager (Male) |
| 23:18 | Construir | Castle |
| 23:24 | Crear | Villager (Male) |
| 23:24 | Crear | Villager (Male) |
| 23:26 | Crear | Villager (Male) |
| 23:26 | Crear | Villager (Male) |
| 23:30 | Crear | Villager (Male) |
| 23:30 | Crear | Villager (Male) |
| 23:41 | Crear | Villager (Male) |
| 23:41 | Crear | Villager (Male) |
| 23:46 | Construir | House |
| 23:47 | Construir | House |
| 23:48 | Construir | House |
| 23:52 | Crear | Villager (Male) |
| 23:54 | Crear | Villager (Male) |
| 24:59 | Crear | Villager (Male) |
| 24:59 | Crear | Villager (Male) |
| 24:59 | Crear | Villager (Male) |
| 25:00 | Crear | Villager (Male) |
| 25:01 | Crear | Villager (Male) |
| 25:03 | Crear | Villager (Male) |
| 25:03 | Crear | Villager (Male) |
| 25:05 | Investigar | Horse Collar |
| 25:13 | Crear | Villager (Male) |
| 25:14 | Crear | Villager (Male) |
| 25:23 | Construir | Farm |
| 25:23 | Construir | Farm |
| 25:24 | Construir | Farm |
Build order — Kampfgnom
Primeras 150 de 371 acciones detectadas
| 0:01 | Crear | Villager (Male) |
| 0:01 | Crear | Villager (Male) |
| 0:03 | Construir | House |
| 0:04 | Construir | House |
| 0:26 | Crear | Villager (Male) |
| 0:26 | Crear | Villager (Male) |
| 1:36 | Crear | Villager (Male) |
| 2:11 | Crear | Villager (Male) |
| 2:41 | Crear | Villager (Male) |
| 2:42 | Crear | Villager (Male) |
| 2:50 | Construir | Lumber Camp |
| 3:21 | Crear | Villager (Male) |
| 3:22 | Crear | Villager (Male) |
| 3:29 | Investigar | Loom |
| 3:36 | Crear | Villager (Male) |
| 3:37 | Crear | Villager (Male) |
| 3:37 | Crear | Villager (Male) |
| 4:13 | Crear | Villager (Male) |
| 4:13 | Crear | Villager (Male) |
| 4:39 | Crear | Villager (Male) |
| 4:48 | Crear | Villager (Male) |
| 4:57 | Construir | House |
| 5:01 | Crear | Villager (Male) |
| 5:49 | Construir | Palisade Wall |
| 6:04 | Crear | Villager (Male) |
| 6:04 | Crear | Villager (Male) |
| 6:05 | Crear | Villager (Male) |
| 6:26 | Construir | House |
| 6:35 | Crear | Villager (Male) |
| 6:35 | Crear | Villager (Male) |
| 6:59 | Crear | Villager (Male) |
| 6:59 | Crear | Villager (Male) |
| 7:16 | Construir | Palisade Wall |
| 7:18 | Construir | Palisade Wall |
| 7:22 | Construir | Palisade Wall |
| 7:30 | Crear | Villager (Male) |
| 7:31 | Crear | Villager (Male) |
| 7:43 | Crear | Villager (Male) |
| 7:50 | Construir | Mill |
| 8:00 | Crear | Villager (Male) |
| 8:01 | Crear | Villager (Male) |
| 8:25 | Construir | Lumber Camp |
| 8:49 | Crear | Villager (Male) |
| 8:49 | Crear | Villager (Male) |
| 9:29 | Investigar | Feudal Age |
| 10:05 | Construir | Palisade Gate |
| 10:17 | Construir | Barracks |
| 10:20 | Crear | Villager (Male) |
| 10:56 | Crear | Villager (Male) |
| 10:56 | Crear | Villager (Male) |
| 10:59 | Construir | House |
| 11:39 | Edad | Edad Feudal |
| 11:46 | Construir | Stable |
| 11:50 | Crear | Villager (Male) |
| 12:07 | Construir | Blacksmith |
| 12:09 | Crear | Villager (Male) |
| 12:42 | Construir | Mining Camp |
| 12:49 | Crear | Scout Cavalry |
| 12:51 | Crear | Scout Cavalry |
| 13:00 | Construir | House |
| 13:03 | Construir | House |
| 13:26 | Construir | House |
| 13:28 | Construir | House |
| 13:37 | Construir | Farm |
| 13:42 | Construir | Farm |
| 14:55 | Construir | House |
| 14:57 | Construir | House |
| 15:01 | Construir | House |
| 15:05 | Crear | Villager (Male) |
| 15:05 | Crear | Villager (Male) |
| 15:08 | Construir | Farm |
| 15:09 | Construir | Farm |
| 15:11 | Construir | Farm |
| 15:16 | Investigar | Castle Age |
| 16:43 | Crear | Scout Cavalry |
| 16:44 | Crear | Scout Cavalry |
| 16:44 | Crear | Scout Cavalry |
| 17:29 | Crear | Villager (Male) |
| 17:29 | Crear | Villager (Male) |
| 17:32 | Construir | Farm |
| 17:33 | Construir | Farm |
| 18:05 | Construir | Farm |
| 18:10 | Edad | Edad de los Castillos |
| 18:12 | Construir | Town Center |
| 18:19 | Crear | Villager (Male) |
| 18:20 | Crear | Villager (Male) |
| 18:55 | Crear | Villager (Male) |
| 18:55 | Crear | Villager (Male) |
| 19:25 | Construir | Town Center |
| 19:53 | Investigar | Forging |
| 20:52 | Crear | Villager (Male) |
| 20:52 | Crear | Villager (Male) |
| 20:52 | Crear | Villager (Male) |
| 21:20 | Crear | Villager (Male) |
| 21:36 | Construir | Farm |
| 21:36 | Construir | Farm |
| 21:36 | Construir | Farm |
| 21:37 | Construir | Farm |
| 21:41 | Construir | Farm |
| 21:41 | Construir | Farm |
| 21:41 | Construir | Farm |
| 21:42 | Construir | Farm |
| 22:45 | Crear | Scout Cavalry |
| 22:45 | Crear | Scout Cavalry |
| 22:47 | Crear | Villager (Male) |
| 22:47 | Crear | Villager (Male) |
| 22:51 | Construir | Farm |
| 22:51 | Construir | Farm |
| 22:51 | Construir | Farm |
| 22:52 | Construir | Farm |
| 22:52 | Construir | Farm |
| 23:02 | Crear | Villager (Male) |
| 23:20 | Investigar | Double-Bit Axe |
| 24:25 | Investigar | Wheelbarrow |
| 24:26 | Crear | Villager (Male) |
| 24:26 | Crear | Villager (Male) |
| 24:27 | Crear | Villager (Male) |
| 24:30 | Construir | Farm |
| 25:05 | Construir | Farm |
| 25:08 | Crear | Villager (Male) |
| 25:08 | Crear | Villager (Male) |
| 25:08 | Crear | Villager (Male) |
| 25:13 | Crear | Villager (Male) |
| 25:14 | Construir | Farm |
| 25:15 | Construir | Farm |
| 25:15 | Construir | Farm |
| 25:15 | Construir | Farm |
| 25:16 | Construir | Farm |
| 25:16 | Construir | Farm |
| 25:16 | Construir | Farm |
| 25:16 | Construir | Farm |
| 26:06 | Construir | Lumber Camp |
| 26:08 | Investigar | Bow Saw |
| 26:10 | Crear | Villager (Male) |
| 26:10 | Crear | Villager (Male) |
| 26:16 | Crear | Villager (Male) |
| 26:16 | Crear | Villager (Male) |
| 26:17 | Construir | Farm |
| 26:24 | Construir | Monastery |
| 26:26 | Construir | University |
| 26:35 | Crear | Villager (Male) |
| 26:36 | Crear | Villager (Male) |
| 26:36 | Crear | Villager (Male) |
| 26:45 | Crear | Villager (Male) |
| 26:45 | Crear | Villager (Male) |
| 26:45 | Crear | Villager (Male) |
| 26:48 | Construir | Farm |
| 26:50 | Crear | Villager (Male) |
| 26:50 | Crear | Villager (Male) |
| 27:36 | Crear | Villager (Male) |
Build order — kagan_ant
Primeras 150 de 350 acciones detectadas
| 0:02 | Crear | Villager (Male) |
| 0:02 | Crear | Villager (Male) |
| 0:02 | Crear | Villager (Male) |
| 0:02 | Crear | Villager (Male) |
| 0:03 | Construir | House |
| 0:06 | Construir | House |
| 0:13 | Construir | House |
| 1:36 | Investigar | Loom |
| 1:36 | Crear | Villager (Male) |
| 2:30 | Crear | Villager (Male) |
| 2:46 | Crear | Villager (Male) |
| 3:08 | Crear | Villager (Male) |
| 3:30 | Crear | Villager (Male) |
| 4:16 | Construir | Palisade Wall |
| 4:21 | Construir | Palisade Wall |
| 4:30 | Construir | Palisade Wall |
| 4:31 | Construir | Palisade Wall |
| 4:49 | Crear | Villager (Male) |
| 5:03 | Construir | Palisade Wall |
| 5:15 | Crear | Villager (Male) |
| 5:21 | Crear | Villager (Male) |
| 5:32 | Construir | Palisade Wall |
| 5:44 | Construir | House |
| 5:58 | Construir | House |
| 6:11 | Construir | Mill |
| 6:22 | Crear | Villager (Male) |
| 6:29 | Crear | Villager (Male) |
| 6:29 | Crear | Villager (Male) |
| 6:29 | Crear | Villager (Male) |
| 6:29 | Crear | Villager (Male) |
| 6:36 | Construir | Palisade Wall |
| 6:43 | Construir | Palisade Wall |
| 7:36 | Crear | Villager (Male) |
| 8:09 | Crear | Villager (Male) |
| 8:36 | Crear | Villager (Male) |
| 8:57 | Construir | Lumber Camp |
| 9:04 | Construir | Lumber Camp |
| 9:09 | Crear | Villager (Male) |
| 9:30 | Crear | Villager (Male) |
| 10:08 | Investigar | Feudal Age |
| 10:12 | Construir | Mining Camp |
| 10:39 | Crear | Villager (Male) |
| 10:49 | Construir | House |
| 10:57 | Crear | Villager (Male) |
| 12:22 | Edad | Edad Feudal |
| 12:27 | Construir | Lumber Camp |
| 12:52 | Crear | Villager (Male) |
| 12:55 | Construir | House |
| 13:01 | Construir | Stone Wall |
| 13:09 | Construir | Stone Wall |
| 13:14 | Crear | Villager (Male) |
| 13:48 | Construir | Mining Camp |
| 14:07 | Crear | Villager (Male) |
| 14:16 | Construir | Stone Wall |
| 14:25 | Construir | Stone Wall |
| 14:30 | Crear | Villager (Male) |
| 14:36 | Construir | Market |
| 14:44 | Crear | Villager (Male) |
| 14:57 | Construir | Stone Wall |
| 15:08 | Construir | Stone Wall |
| 15:15 | Crear | Villager (Male) |
| 15:24 | Construir | House |
| 15:39 | Crear | Villager (Male) |
| 16:00 | Construir | Blacksmith |
| 16:14 | Crear | Villager (Male) |
| 16:42 | Construir | Stone Wall |
| 16:57 | Investigar | Castle Age |
| 17:10 | Construir | Stone Wall |
| 17:26 | Construir | Stone Wall |
| 17:27 | Construir | Stone Wall |
| 17:54 | Construir | Farm |
| 17:54 | Construir | Farm |
| 17:55 | Construir | Farm |
| 17:56 | Construir | Farm |
| 18:00 | Construir | Farm |
| 18:11 | Construir | Farm |
| 18:11 | Construir | Farm |
| 18:32 | Crear | Villager (Male) |
| 18:41 | Construir | Barracks |
| 18:44 | Construir | Stone Wall |
| 19:02 | Investigar | Double-Bit Axe |
| 19:12 | Construir | Watch Tower |
| 19:29 | Crear | Spearman |
| 19:29 | Crear | Spearman |
| 19:37 | Edad | Edad de los Castillos |
| 19:40 | Construir | House |
| 19:41 | Construir | House |
| 19:44 | Construir | House |
| 20:05 | Crear | Spearman |
| 20:12 | Construir | Palisade Wall |
| 20:14 | Construir | Palisade Wall |
| 20:21 | Construir | Palisade Wall |
| 20:34 | Crear | Spearman |
| 20:58 | Construir | Town Center |
| 21:09 | Construir | Palisade Wall |
| 21:11 | Construir | Palisade Wall |
| 21:13 | Construir | Palisade Wall |
| 21:18 | Construir | Palisade Wall |
| 21:23 | Crear | Villager (Male) |
| 21:30 | Crear | Spearman |
| 21:43 | Construir | Castle |
| 22:05 | Crear | Spearman |
| 22:05 | Crear | Spearman |
| 22:17 | Crear | Spearman |
| 22:31 | Crear | Villager (Male) |
| 22:34 | Construir | Farm |
| 22:35 | Construir | Farm |
| 22:36 | Crear | Villager (Male) |
| 22:57 | Crear | Villager (Male) |
| 23:16 | Investigar | Gold Mining |
| 23:20 | Investigar | Horse Collar |
| 23:30 | Construir | Stone Wall |
| 23:51 | Construir | Stone Wall |
| 24:12 | Construir | Monastery |
| 24:18 | Crear | Villager (Male) |
| 24:20 | Crear | Villager (Male) |
| 24:21 | Crear | Villager (Male) |
| 24:32 | Crear | Villager (Male) |
| 24:38 | Construir | Farm |
| 24:39 | Construir | Farm |
| 24:56 | Construir | Town Center |
| 25:01 | Crear | Monk |
| 25:30 | Crear | Villager (Male) |
| 25:32 | Crear | Villager (Male) |
| 25:32 | Crear | Villager (Male) |
| 25:40 | Crear | Villager (Male) |
| 26:19 | Crear | Villager (Male) |
| 26:19 | Crear | Villager (Male) |
| 26:23 | Construir | Farm |
| 26:24 | Construir | Farm |
| 26:27 | Construir | Farm |
| 26:27 | Construir | Farm |
| 26:30 | Construir | Farm |
| 26:33 | Construir | Farm |
| 26:34 | Construir | Farm |
| 26:35 | Crear | Villager (Male) |
| 26:46 | Crear | Villager (Male) |
| 26:57 | Crear | Monk |
| 27:01 | Crear | Villager (Male) |
| 27:05 | Construir | Farm |
| 27:06 | Construir | Farm |
| 27:08 | Crear | Villager (Male) |
| 27:09 | Construir | Farm |
| 27:11 | Construir | Farm |
| 27:23 | Crear | Monk |
| 27:34 | Crear | Villager (Male) |
| 27:35 | Crear | Villager (Male) |
| 27:37 | Construir | Farm |
| 27:38 | Crear | Villager (Male) |
| 27:40 | Construir | Farm |
Build order — EiskalterEngel
Primeras 150 de 170 acciones detectadas
| 0:09 | Crear | Villager (Male) |
| 0:10 | Crear | Villager (Male) |
| 0:10 | Crear | Villager (Male) |
| 0:10 | Crear | Villager (Male) |
| 0:10 | Crear | Villager (Male) |
| 1:20 | Crear | Villager (Male) |
| 1:54 | Crear | Villager (Male) |
| 1:54 | Crear | Villager (Male) |
| 2:38 | Crear | Villager (Male) |
| 2:38 | Crear | Villager (Male) |
| 3:30 | Crear | Villager (Male) |
| 3:31 | Crear | Villager (Male) |
| 3:31 | Crear | Villager (Male) |
| 4:03 | Crear | Villager (Male) |
| 4:55 | Construir | Mill |
| 5:08 | Crear | Villager (Male) |
| 5:08 | Crear | Villager (Male) |
| 5:08 | Crear | Villager (Male) |
| 5:48 | Crear | Villager (Male) |
| 6:35 | Construir | Lumber Camp |
| 6:47 | Crear | Villager (Male) |
| 6:47 | Crear | Villager (Male) |
| 7:37 | Investigar | Loom |
| 7:51 | Crear | Villager (Male) |
| 7:56 | Crear | Villager (Male) |
| 7:56 | Crear | Villager (Male) |
| 8:00 | Crear | Villager (Male) |
| 8:02 | Crear | Villager (Male) |
| 8:02 | Crear | Villager (Male) |
| 8:40 | Crear | Villager (Male) |
| 8:40 | Crear | Villager (Male) |
| 10:17 | Construir | Farm |
| 10:18 | Construir | Farm |
| 10:19 | Construir | Farm |
| 10:21 | Construir | Farm |
| 10:22 | Construir | Farm |
| 10:24 | Construir | Farm |
| 10:25 | Construir | Farm |
| 10:26 | Construir | Farm |
| 10:29 | Construir | Farm |
| 11:08 | Investigar | Feudal Age |
| 11:24 | Construir | Mining Camp |
| 13:01 | Crear | Villager (Male) |
| 13:02 | Crear | Villager (Male) |
| 13:02 | Crear | Villager (Male) |
| 13:18 | Edad | Edad Feudal |
| 13:26 | Investigar | Horse Collar |
| 13:29 | Investigar | Double-Bit Axe |
| 13:33 | Investigar | Gold Mining |
| 13:42 | Crear | Villager (Male) |
| 13:42 | Crear | Villager (Male) |
| 14:27 | Construir | Market |
| 15:33 | Construir | Blacksmith |
| 16:11 | Investigar | Castle Age |
| 18:40 | Construir | Farm |
| 18:41 | Construir | Farm |
| 18:42 | Construir | Farm |
| 18:44 | Construir | Farm |
| 18:45 | Construir | Farm |
| 18:46 | Construir | Farm |
| 18:48 | Construir | Farm |
| 18:49 | Construir | Farm |
| 18:51 | Edad | Edad de los Castillos |
| 19:00 | Crear | Villager (Male) |
| 19:00 | Crear | Villager (Male) |
| 19:00 | Crear | Villager (Male) |
| 19:00 | Crear | Villager (Male) |
| 19:01 | Crear | Villager (Male) |
| 19:01 | Crear | Villager (Male) |
| 20:51 | Construir | Town Center |
| 20:58 | Crear | Villager (Male) |
| 20:58 | Crear | Villager (Male) |
| 20:58 | Crear | Villager (Male) |
| 21:05 | Investigar | Caravan |
| 22:10 | Crear | Villager (Male) ×5 |
| 22:10 | Crear | Villager (Male) ×5 |
| 22:10 | Crear | Villager (Male) ×5 |
| 22:11 | Crear | Villager (Male) ×5 |
| 22:11 | Crear | Villager (Male) ×5 |
| 22:11 | Crear | Villager (Male) ×5 |
| 23:26 | Construir | University |
| 23:33 | Construir | Monastery |
| 23:50 | Investigar | Heavy Plow |
| 24:30 | Investigar | Bow Saw |
| 24:58 | Construir | Town Center |
| 27:27 | Investigar | Imperial Age |
| 28:06 | Construir | Barracks |
| 28:52 | Construir | Stable |
| 28:54 | Construir | Stable |
| 28:56 | Construir | Stable |
| 28:58 | Construir | Stable |
| 29:00 | Construir | Stable |
| 29:02 | Construir | Stable |
| 29:04 | Construir | Stable |
| 29:05 | Construir | Stable |
| 29:07 | Construir | Stable |
| 29:08 | Construir | Stable |
| 29:14 | Construir | Stable |
| 29:25 | Crear | Villager (Male) ×5 |
| 29:25 | Crear | Villager (Male) ×5 |
| 29:25 | Crear | Villager (Male) ×5 |
| 29:25 | Crear | Villager (Male) ×5 |
| 29:26 | Crear | Villager (Male) ×2 |
| 29:55 | Construir | Castle |
| 30:55 | Edad | Edad Imperial |
| 31:24 | Investigar | Scale Barding Armor |
| 31:26 | Investigar | Forging |
| 31:48 | Construir | Farm |
| 31:50 | Construir | Farm |
| 31:52 | Construir | Farm |
| 31:53 | Construir | Farm |
| 31:55 | Construir | Farm |
| 31:56 | Construir | Farm |
| 31:57 | Construir | Farm |
| 32:00 | Construir | Farm |
| 32:02 | Construir | Farm |
| 33:18 | Construir | Mining Camp |
| 33:24 | Investigar | Conscription |
| 33:31 | Investigar | Tech 2 |
| 34:26 | Construir | Farm |
| 34:27 | Construir | Farm |
| 34:28 | Construir | Farm |
| 34:30 | Construir | Farm |
| 34:32 | Construir | Farm |
| 34:33 | Construir | Farm |
| 34:34 | Construir | Farm |
| 34:36 | Construir | Farm |
| 34:54 | Investigar | Husbandry |
| 34:55 | Investigar | Light Cavalry (upgrade) |
| 34:55 | Investigar | Bloodlines |
| 35:12 | Investigar | Marauders |
| 35:20 | Investigar | Iron Casting |
| 35:21 | Investigar | Chain Barding Armor |
| 35:45 | Crear | Tarkan ×5 |
| 35:45 | Crear | Tarkan ×5 |
| 36:02 | Crear | Tarkan ×5 |
| 36:03 | Crear | Tarkan ×4 |
| 36:03 | Crear | Tarkan |
| 36:04 | Crear | Tarkan |
| 36:42 | Crear | Tarkan ×5 |
| 36:42 | Crear | Tarkan |
| 37:13 | Crear | Tarkan ×4 |
| 37:44 | Crear | Tarkan ×5 |
| 38:39 | Crear | Tarkan ×5 |
| 38:39 | Crear | Tarkan ×3 |
| 39:25 | Crear | Tarkan ×5 |
| 39:25 | Crear | Tarkan ×2 |
| 39:26 | Crear | Tarkan |
| 40:09 | Crear | Tarkan ×5 |
| 40:58 | Crear | Tarkan ×5 |
Build order — Evil_Tehrana
Primeras 150 de 362 acciones detectadas
| 0:01 | Crear | Villager (Male) |
| 0:01 | Crear | Villager (Male) |
| 0:01 | Crear | Villager (Male) |
| 0:01 | Crear | Villager (Male) |
| 0:04 | Construir | House |
| 0:05 | Construir | House |
| 1:37 | Crear | Villager (Male) |
| 2:14 | Crear | Villager (Male) |
| 2:44 | Crear | Villager (Male) |
| 2:44 | Crear | Villager (Male) |
| 2:59 | Crear | Villager (Male) |
| 3:17 | Crear | Villager (Male) |
| 3:40 | Construir | Lumber Camp |
| 3:42 | Construir | House |
| 3:53 | Crear | Villager (Male) |
| 4:25 | Crear | Villager (Male) |
| 4:53 | Crear | Villager (Male) |
| 4:57 | Construir | House |
| 5:12 | Crear | Villager (Male) |
| 5:29 | Crear | Villager (Male) |
| 5:49 | Crear | Villager (Male) |
| 6:55 | Crear | Villager (Male) |
| 7:21 | Crear | Villager (Male) |
| 7:30 | Construir | House |
| 7:47 | Crear | Villager (Male) |
| 7:59 | Construir | Mill |
| 8:04 | Crear | Villager (Male) |
| 8:48 | Investigar | Feudal Age |
| 8:49 | Crear | Villager (Male) |
| 9:13 | Construir | Mining Camp |
| 10:40 | Construir | Lumber Camp |
| 10:44 | Crear | Villager (Male) |
| 10:58 | Edad | Edad Feudal |
| 11:03 | Construir | Market |
| 11:21 | Investigar | Double-Bit Axe |
| 11:31 | Construir | Blacksmith |
| 12:10 | Investigar | Castle Age |
| 12:26 | Construir | House |
| 12:47 | Investigar | Horse Collar |
| 12:57 | Construir | House |
| 13:16 | Construir | Barracks |
| 13:33 | Investigar | Gold Mining |
| 13:56 | Construir | House |
| 14:08 | Investigar | Stone Mining |
| 14:16 | Construir | Farm |
| 14:17 | Construir | Farm |
| 14:18 | Construir | Farm |
| 14:42 | Crear | Villager (Male) |
| 14:50 | Edad | Edad de los Castillos |
| 14:57 | Crear | Villager (Male) |
| 15:08 | Construir | Farm |
| 15:13 | Construir | Farm |
| 15:17 | Construir | Farm |
| 15:35 | Construir | Farm |
| 15:39 | Crear | Villager (Male) |
| 15:41 | Construir | Farm |
| 15:51 | Construir | Siege Workshop |
| 16:03 | Crear | Villager (Male) |
| 16:09 | Construir | Farm |
| 16:10 | Construir | Farm |
| 16:21 | Crear | Villager (Male) |
| 16:25 | Construir | Farm |
| 16:33 | Crear | Mangonel |
| 16:41 | Construir | Lumber Camp |
| 16:52 | Crear | Villager (Male) |
| 16:57 | Construir | Farm |
| 17:03 | Crear | Villager (Male) |
| 17:09 | Construir | Farm |
| 17:28 | Investigar | Bow Saw |
| 17:52 | Crear | Mangonel |
| 17:55 | Crear | Villager (Male) |
| 18:26 | Crear | Villager (Male) |
| 18:31 | Construir | Farm |
| 18:32 | Construir | Farm |
| 18:36 | Crear | Villager (Male) |
| 18:39 | Construir | Farm |
| 18:52 | Construir | Town Center |
| 19:20 | Construir | Town Center |
| 19:26 | Investigar | Wheelbarrow |
| 19:27 | Crear | Villager (Male) |
| 19:28 | Crear | Villager (Male) |
| 19:29 | Crear | Villager (Male) |
| 19:33 | Construir | Farm |
| 19:34 | Construir | House |
| 20:06 | Crear | Villager (Male) |
| 20:06 | Crear | Villager (Male) |
| 20:10 | Crear | Mangonel |
| 20:14 | Investigar | Loom |
| 20:37 | Construir | Farm |
| 20:39 | Construir | Farm |
| 20:40 | Construir | Farm |
| 20:45 | Crear | Villager (Male) |
| 20:45 | Crear | Villager (Male) |
| 20:46 | Crear | Villager (Male) |
| 20:57 | Crear | Villager (Male) |
| 20:57 | Crear | Villager (Male) |
| 21:17 | Crear | Villager (Male) |
| 21:18 | Investigar | Town Watch |
| 21:19 | Crear | Villager (Male) |
| 21:26 | Construir | Farm |
| 21:27 | Construir | Farm |
| 21:35 | Investigar | Heavy Plow |
| 22:27 | Crear | Mangonel |
| 22:38 | Crear | Villager (Male) |
| 22:39 | Crear | Villager (Male) |
| 22:46 | Investigar | Gold Shaft Mining |
| 22:51 | Construir | Mining Camp |
| 22:55 | Crear | Villager (Male) |
| 22:55 | Crear | Villager (Male) |
| 22:55 | Crear | Villager (Male) |
| 23:01 | Construir | Farm |
| 23:02 | Construir | Farm |
| 23:03 | Construir | Farm |
| 23:04 | Construir | Farm |
| 23:09 | Construir | House |
| 23:10 | Construir | House |
| 23:11 | Construir | House |
| 23:12 | Construir | House |
| 23:17 | Construir | House |
| 23:26 | Construir | House |
| 23:28 | Construir | House |
| 24:23 | Crear | Villager (Male) |
| 24:23 | Investigar | Hand Cart |
| 24:24 | Crear | Villager (Male) |
| 24:25 | Crear | Villager (Male) |
| 24:25 | Crear | Villager (Male) |
| 24:25 | Crear | Villager (Male) |
| 24:26 | Crear | Villager (Male) |
| 24:31 | Construir | Farm |
| 24:36 | Construir | Farm |
| 24:37 | Construir | Farm |
| 24:41 | Crear | Villager (Male) |
| 24:41 | Crear | Villager (Male) |
| 24:41 | Crear | Villager (Male) |
| 25:22 | Construir | Monastery |
| 25:28 | Construir | University |
| 25:46 | Investigar | Imperial Age |
| 25:49 | Crear | Villager (Male) |
| 25:49 | Crear | Villager (Male) |
| 25:49 | Crear | Villager (Male) |
| 25:49 | Crear | Villager (Male) |
| 26:09 | Investigar | Stone Shaft Mining |
| 26:12 | Crear | Villager (Male) |
| 26:13 | Crear | Villager (Male) |
| 26:34 | Crear | Villager (Male) |
| 26:34 | Crear | Villager (Male) |
| 26:34 | Crear | Villager (Male) |
| 26:35 | Crear | Villager (Male) |
| 27:09 | Construir | Lumber Camp |
| 27:26 | Construir | Farm |
Cronología de la partida
| 4:16 | kagan_ant · wall_segment Palisade Wall x6 |
| 4:21 | kagan_ant · wall_segment Palisade Wall x4 |
| 4:30 | kagan_ant · wall_segment Palisade Wall x1 |
| 4:31 | kagan_ant · wall_segment Palisade Wall x1 |
| 5:03 | kagan_ant · wall_segment Palisade Wall x4 |
| 5:32 | kagan_ant · wall_segment Palisade Wall x6 |
| 5:49 | Kampfgnom · wall_segment Palisade Wall x15 |
| 6:05 | hakanyao · wall_segment Palisade Wall x10 |
| 6:16 | hakanyao · wall_segment Palisade Wall x4 |
| 6:36 | kagan_ant · wall_segment Palisade Wall x4 |
| 6:43 | kagan_ant · wall_segment Palisade Wall x7 |
| 7:16 | Kampfgnom · wall_segment Palisade Wall x3 |
| 7:18 | Kampfgnom · wall_segment Palisade Wall x4 |
| 7:22 | Kampfgnom · wall_segment Palisade Wall x2 |
| 7:22 | hakanyao · wall_segment Palisade Wall x3 |
| 9:58 | jackalius · age_up feudal |
| 10:17 | Kampfgnom · first_building Barracks |
| 10:58 | Evil_Tehrana · age_up feudal |
| 11:39 | Kampfgnom · age_up feudal |
| 11:46 | Kampfgnom · first_building Stable |
| 12:22 | kagan_ant · age_up feudal |
| 12:47 | jackalius · first_market_sell 100 stone |
| 12:54 | jackalius · first_market_buy 100 food |
| 13:01 | kagan_ant · wall_segment Stone Wall x7 |
| 13:09 | kagan_ant · wall_segment Stone Wall x8 |
| 13:16 | Evil_Tehrana · first_building Barracks |
| 13:18 | EiskalterEngel · age_up feudal |
| 13:57 | hakanyao · age_up feudal |
| 13:57 | hakanyao · wall_segment Palisade Wall x3 |
| 13:58 | hakanyao · wall_segment Palisade Wall x1 |
| 14:16 | kagan_ant · wall_segment Stone Wall x1 |
| 14:25 | kagan_ant · wall_segment Stone Wall x1 |
| 14:30 | hakanyao · wall_segment Stone Wall x1 |
| 14:38 | hakanyao · first_building Barracks |
| 14:50 | Evil_Tehrana · age_up castle |
| 14:57 | kagan_ant · wall_segment Stone Wall x6 |
| 15:08 | kagan_ant · wall_segment Stone Wall x11 |
| 15:51 | Evil_Tehrana · first_building Siege Workshop |
| 15:51 | jackalius · age_up castle |
| 16:42 | kagan_ant · wall_segment Stone Wall x2 |
| 17:10 | kagan_ant · wall_segment Stone Wall x1 |
| 17:12 | hakanyao · wall_segment Stone Wall x3 |
| 17:26 | kagan_ant · wall_segment Stone Wall x1 |
| 17:27 | kagan_ant · wall_segment Stone Wall x5 |
| 18:10 | Kampfgnom · age_up castle |
| 18:41 | kagan_ant · first_building Barracks |
| 18:44 | kagan_ant · wall_segment Stone Wall x1 |
| 18:51 | EiskalterEngel · age_up castle |
| 19:37 | kagan_ant · age_up castle |
| 20:05 | Evil_Tehrana · first_market_sell 100 food |
| 20:12 | kagan_ant · wall_segment Palisade Wall x1 |
| 20:14 | kagan_ant · wall_segment Palisade Wall x1 |
| 20:21 | kagan_ant · wall_segment Palisade Wall x1 |
| 20:22 | hakanyao · first_building Stable |
| 20:48 | kagan_ant · first_market_buy 100 food |
| 21:09 | kagan_ant · wall_segment Palisade Wall x1 |
| 21:11 | kagan_ant · wall_segment Palisade Wall x1 |
| 21:13 | kagan_ant · wall_segment Palisade Wall x1 |
| 21:18 | kagan_ant · wall_segment Palisade Wall x1 |
| 21:43 | kagan_ant · first_building Castle |
| 22:10 | hakanyao · age_up castle |
| 23:18 | jackalius · first_building Castle |
| 23:30 | kagan_ant · wall_segment Stone Wall x1 |
| 23:33 | EiskalterEngel · first_building Monastery |
| 23:51 | kagan_ant · wall_segment Stone Wall x1 |
| 24:12 | kagan_ant · first_building Monastery |
| 25:16 | Evil_Tehrana · first_market_buy 100 food |
| 25:22 | Evil_Tehrana · first_building Monastery |
| 25:41 | EiskalterEngel · tribute_sent a jugador 1 |
| 25:41 | EiskalterEngel · tribute_sent a jugador 2 |
| 25:41 | EiskalterEngel · tribute_sent a jugador 3 |
| 25:41 | EiskalterEngel · tribute_sent a jugador 5 |
| 25:41 | EiskalterEngel · tribute_sent a jugador 6 |
| 26:24 | Kampfgnom · first_building Monastery |
| 27:44 | Evil_Tehrana · first_building Stable |
| 28:06 | EiskalterEngel · first_building Barracks |
| 28:51 | Kampfgnom · first_market_buy 100 food |
| 28:52 | EiskalterEngel · first_building Stable |
| 28:56 | Evil_Tehrana · age_up imperial |
| 29:55 | EiskalterEngel · first_building Castle |
| 30:03 | Kampfgnom · first_building Siege Workshop |
| 30:51 | Kampfgnom · first_building Archery Range |
| 30:55 | EiskalterEngel · age_up imperial |
| 31:38 | Evil_Tehrana · first_building Castle |
| 32:01 | kagan_ant · first_building Siege Workshop |
| 32:03 | Kampfgnom · age_up imperial |
| 32:57 | jackalius · age_up imperial |
| 34:16 | kagan_ant · first_building Stable |
| 34:21 | Evil_Tehrana · tribute_sent a jugador 1 |
| 34:21 | Evil_Tehrana · tribute_sent a jugador 2 |
| 34:21 | Evil_Tehrana · tribute_sent a jugador 3 |
| 34:21 | Evil_Tehrana · tribute_sent a jugador 4 |
| 34:21 | Evil_Tehrana · tribute_sent a jugador 5 |
| 35:00 | kagan_ant · age_up imperial |
| 35:26 | Kampfgnom · first_building Castle |
| 35:51 | hakanyao · first_building Monastery |
| 35:55 | EiskalterEngel · first_market_sell 500 wood |
| 35:58 | EiskalterEngel · first_market_buy 100 food |
| 36:23 | kagan_ant · wall_segment Stone Wall x17 |
| 40:12 | hakanyao · age_up imperial |
| 41:11 | hakanyao · first_building Krepost |
| 43:57 | kagan_ant · first_market_sell 500 stone |
| 45:37 | kagan_ant · resign |
[ ANÁLISIS IA · 1 CRÉDITO ]
¿Qué pasó realmente en esta partida?
Wolo.gg analiza cada decisión: build order, eco, micro, errores típicos por bracket. Análisis personalizado por WhatsApp o Discord en 30 segundos.
Guía civ
Búlgaros
Guía mapa
Amazon Tunnel
Perfil
Jugador #201949